 Dungeon Crawl Stone Soup version 0.28.0-45-g0d030f2227 (webtiles) character file.

Game seed: 16419901820845136538

177 H0rd4k the Magician (level 5, -4/28 HPs)
             Began as a Deep Elf Hedge Wizard on Apr 6, 2022.
             Slain by an iguana (6 damage)
             ... on level 4 of the Dungeon.
             The game lasted 00:03:39 (3530 turns).

H0rd4k the Magician (Deep Elf Hedge Wizard)         Turns: 3530, Time: 00:03:40

Health: -4/28      AC:  2    Str:  7    XL:     5   Next: 30%
Magic:  16/16      EV: 13    Int: 21    God:
Gold:   174        SH:  0    Dex: 20    Spells: 8/17 levels left

rFire   . . .      SeeInvis .   a - +0 dagger
rCold   . . .      Faith    .   (no shield)
rNeg    . . .      Spirit   .   b - +0 robe
rPois   .          Reflect  .   c - +0 hat
rElec   .          Harm     .   (no cloak)
rCorr   .          Rampage  .   (no gloves)
Will    .....                   (no boots)
Stlth   ++........              k - amulet of magic regeneration
HPRegen 0.09/turn               j - +6 ring of dexterity
MPRegen 0.55/turn               (no ring)

@: no status effects
A: no striking features
a: no special abilities


You were on level 4 of the Dungeon.
You visited 1 branch of the dungeon, and saw 4 of its levels.

You collected 174 gold pieces.

Inventory:

Hand Weapons
 a - a +0 dagger (weapon)
Armour
 b - a +0 robe (worn)
 c - a +0 hat (worn)
Jewellery
 j - a +6 ring of dexterity (left hand)
 k - an amulet of magic regeneration (around neck)
Wands
 o - a wand of polymorph (14)
Scrolls
 d - 2 scrolls of identify {unknown}
 f - a scroll of fog {unknown}
 g - 4 scrolls of teleportation {unknown}
 h - a scroll of amnesia {unknown}
 l - a scroll of enchant weapon {unknown}
 q - a scroll of summoning {unknown}
Potions
 e - a potion of mutation {unknown}
 i - 2 potions of degeneration {unknown}
 m - a potion of heal wounds {unknown}
 n - a potion of resistance {unknown}
 p - a potion of attraction {unknown}
 r - a potion of haste {unknown}


   Skills:
 + Level 2.7 Dodging
 - Level 2.4 Stealth
 + Level 6.5 Spellcasting
 + Level 3.0 Conjurations
 + Level 1.1 Summonings
 + Level 1.1 Translocations
 + Level 1.0 Fire Magic
 * Level 0.6 Air Magic
 + Level 1.4 Poison Magic


You had 8 spell levels left.
You knew the following spells:

 Your Spells              Type           Power      Damage    Failure   Level
a - Magic Dart            Conj           76%        1d6       2%          1
b - Blink                 Tloc           22%        N/A       9%          2
c - Conjure Flame         Conj/Fire      15%        6-21      12%         3
d - Mephitic Cloud        Conj/Pois/Air  14%        N/A       14%         3

Your spell library contained the following spells:

 Spells                   Type           Power      Damage    Failure   Level
 Call Imp                 Summ           11%        N/A       9%          2
 Slow                     Hex            24%        N/A       10%         1
 Passage of Golubria      Tloc           11%        N/A       52%         4
 Silence                  Hex/Air        4%         N/A       92%         5
 Lehudib's Crystal Spear  Conj/Erth      6%         10d3      100%        8


Dungeon Overview and Level Annotations

Branches:
Dungeon (4/15)
 Temple: D:4-7

Altars:
Kikubaaqudgha

Annotations:
D:3 exclusion: 2 downstairs


Message History

Unknown command.
Casting: Magic Dart (safe; 2% risk of failure)
Confirm with . or Enter, or press ? or * to list all spells.
You blink.
Casting: Blink (safe; 9% risk of failure)
Confirm with . or Enter, or press ? or * to list all spells.
You don't know that spell.
You feel stable enough to blink again.
Casting: Blink (safe; 9% risk of failure)
Confirm with . or Enter, or press ? or * to list all spells.
You blink.
The iguana bites you.
You feel stable enough to blink again. The iguana bites you!
Casting: Blink (safe; 9% risk of failure)
Confirm with . or Enter, or press ? or * to list all spells.
You blink.
You feel stable enough to blink again.
There is a stone staircase leading up here.
You climb upwards.
Level annotation: exclusion: 2 downstairs
There is a stone staircase leading down here.
HP restored.
Done exploring.
(D) Dungeon
Where to? (Enter - D:4, ? - help)
There is an open door here.
There is a stone staircase leading down here.
You climb downwards.
The ogre hits you with a +0 giant spiked club!!
Ouch! That really hurt!
* * * LOW HITPOINT WARNING * * *
There is a stone staircase leading up, spattered with blood here.
Unknown command.
Casting: Blink (safe; 9% risk of failure)
Confirm with . or Enter, or press ? or * to list all spells.
You blink.
The iguana misses you.
You feel stable enough to blink again. The iguana bites you.
You die...

.....###.......##.........#
..............O...##.#.....
.....###....######...#.....
###.####....####...###.....
#......###....##...###....#
#..........O...............
#......##............#.....
####....#.l................
####...@...............# ##
####### ####.......)..##....#
>.##.....## ##..........#....#
..........#####................#
........<..##.....###..........#
...........##..>.####..........##
................[................
.....................#.......[.#.
............#........#.........##


You could see an ogre and an iguana.

Vanquished Creatures
  2 hounds (D:4)
  4 adders
  A worm (D:2)
  6 orcs
  7 ball pythons
  6 bats
  5 endoplasms
  4 giant cockroaches
  11 goblins
  3 hobgoblins (D:1)
  3 jackals (D:1)
  8 kobolds
  A quokka (D:2)
  6 frilled lizards
  4 rats
71 creatures vanquished.

Notes
Turn   | Place    | Note
-------+----------+-------------------------------------------
     0 | D:1      | H0rd4k the Deep Elf Hedge Wizard began the quest for the
                  | Orb.
     0 | D:1      | Reached XP level 1. HP: 10/10 MP: 7/7
   124 | D:1      | Reached skill level 5 in Spellcasting
   246 | D:1      | Reached XP level 2. HP: 15/15 MP: 7/10
  1111 | D:1      | Reached XP level 3. HP: 19/19 MP: 8/12
  1114 | D:1      | Learned a level 2 spell: Blink
  1118 | D:1      | Learned a level 3 spell: Conjure Flame
  1122 | D:1      | Learned a level 3 spell: Mephitic Cloud
  1850 | D:2      | Found an ancient bone altar of Kikubaaqudgha.
  2466 | D:3      | Reached skill level 6 in Spellcasting
  2466 | D:3      | Reached skill level 1 in Fire Magic
  2466 | D:3      | Reached XP level 4. HP: 24/24 MP: 11/14
  2820 | D:4      | Noticed a sky beast
  2897 | D:4      | Noticed an ogre
  2899 | D:4      | Reached skill level 1 in Poison Magic
  3005 | D:4      | Reached XP level 5. HP: 28/28 MP: 12/15
  3520 | D:4      | HP: 1/28 [ogre/+0 giant spiked club (27)]
  3530 | D:4      | Slain by an iguana

Illustrated notes

Levels and vault maps discovered:
D:1:      dpeg_arrival_renting, layout_loops_corners
D:2:      layout_rooms, basic_altar
D:3:      kennysheep_big_flooded_room, layout_basic
D:4:      layout_rooms

Skill      XL: |  1  2  3  4  5 |
---------------+----------------+-----
Spellcasting   | 5 6 |  6.5
Fire Magic     | 1 |  1.0
Conjurations   | 2 3 |  3.0
Poison Magic   | 1 |  1.4
Dodging        | |  2.7
Stealth        | |  2.4
Summonings     | |  1.1
Translocations | |  1.1
Air Magic      | |  0.6

Action                   |  1- 3 |  4- 6 || total
-------------------------+-------+-------++-------
 Cast: Magic Dart        |   126 |    76 ||   202
       Blink             |       |     4 ||     4
       Conjure Flame     |       |     1 ||     1
Armor: Robe              |     3 |     1 ||     4
Dodge: Dodged            |    14 |    12 ||    26
